 Dungeon Crawl Stone Soup version 0.31.0-32-g396128a36d (webtiles) character file.

Game seed: 13598472018982780691

212 PaiMei the Grave Robber (level 5, -6/37 HPs)
             Began as a Demonspawn Necromancer on Apr 11, 2024.
             Killed by divine providence
             ... invoked by an orc priest
              (11 damage)
             ... on level 4 of the Dungeon.
             The game lasted 00:05:00 (4480 turns).

PaiMei the Grave Robber (Demonspawn Necromancer)    Turns: 4480, Time: 00:05:01

Health: -6/37      AC:  3    Str:  8    XL:     5   Next: 58%
Magic:  7/9        EV: 12    Int: 18    God:
Gold:   183        SH:  0    Dex: 13    Spells: 2/10 levels left

rFire   . . .        B - +0 flail
rCold   . . .        (no shield)
rNeg    . . .        a - +0 robe
rPois   .            (no helmet)
rElec   .            (no cloak)
rCorr   .            (no gloves)
SInv    .            l - +0 pair of boots
Will    .....        (no amulet)
Stlth   ++           f - ring of wizardry
HPRegen 0.26/turn    (no ring)
MPRegen 0.11/turn

%: wizardry (x1)
@: no status effects
A: demonic guardian 1, demonic magic 1
a: no special abilities


You were on level 4 of the Dungeon.
You visited 1 branch of the dungeon, and saw 4 of its levels.

You collected 183 gold pieces.

Inventory:

Hand Weapons
 c - a +0 dagger
 B - a +0 flail (weapon)
Missiles
 v - 5 poisoned darts (quivered)
Armour
 a - a +0 robe (worn)
 l - a +0 pair of boots (worn)
Jewellery
 f - a ring of wizardry (left hand)
 A - an amulet of guardian spirit
Scrolls
 e - a scroll of butterflies {unknown}
 g - 3 scrolls of identify {unknown}
 h - a scroll of silence {unknown}
 i - a scroll of enchant weapon {unknown}
 j - 2 scrolls of poison {unknown}
 k - a scroll of enchant armour {unknown}
 m - a scroll of immolation {unknown}
 o - 2 scrolls of noise {unknown}
 u - a scroll of vulnerability {unknown}
 x - 2 scrolls of teleportation {unknown}
 y - a scroll of acquirement {unknown}
 z - a scroll of amnesia {unknown}
Potions
 b - 2 potions of magic
 d - a potion of mutation {unknown}
 n - 3 potions of might {unknown}
 p - 2 potions of curing {unknown}
 q - 4 potions of enlightenment {unknown}
 r - 2 potions of attraction {unknown}
 s - 2 potions of resistance {unknown}
 t - a potion of lignification {unknown}
 w - 2 potions of degeneration {unknown}


   Skills:
 + Level 1.4 Fighting
 + Level 3.0 Dodging
 - Level 2.6 Stealth
 + Level 3.2 Spellcasting
 + Level 5.4 Necromancy


You had 2 spell levels left.
You knew the following spells:

 Your Spells              Type           Power      Damage    Failure   Level
a - Necrotise             Necr           88%        1d8       1%          1
b - Vampiric Draining     Necr           22%        2d7       2%          3
c - Animate Dead          Necr           22%        N/A       7%          4

Your spell library contained the following spells:

 Spells                   Type           Power      Damage    Failure   Level
 Apportation              Tloc           4%         N/A       6%          1
 Sting                    Conj/Alch      8%         1d3       6%          1
 Summon Small Mammal      Summ           8%         N/A       6%          1
 Jinxbite                 Hex            4%         N/A       10%         2
 Call Canine Familiar     Summ           2%         N/A       19%         3
 Dazzling Flash           Conj/Hex       4%         N/A       19%         3
 Mephitic Cloud           Conj/Alch/Air  2%         N/A       19%         3
 Curse of Agony           Necr           22%        N/A       19%         5
 Summon Blazeheart Golem  Fire/Summ      2%         N/A       52%         4
 Silence                  Hex/Air        1%         N/A       85%         5
 Yara's Violent Unravell  Hex/Alch       1%         3d3       85%         5
 Enfeeble                 Hex            1%         N/A       100%        7


Dungeon Overview and Level Annotations

Branches:
Dungeon (4/15)
 Temple: D:4-7

Altars:
Gozag
Uskayaw

Annotations:
D:2 1 runed translucent door, Crazy Yiuf


Innate Abilities, Weirdness & Mutations

A weak demonic guardian rushes to your aid.
Spells you cast may paralyse adjacent enemies.


Message History

A jackal comes into view.
A giant cockroach comes into view.
Casting: Necrotise (safe; 1% risk of failure)
Confirm with . or Enter, or press ? or * to list all spells.
Aiming: Necrotise (safe; 1% risk of failure)
Press: ? - help, Shift-Dir - straight line, f/p - orc
Aim: an orc, wielding a +0 mace (lightly wounded, chance to affect: 91%)
The orc barely resists.
Malevolent energies surge around you.
The orc suddenly stops moving!
A jackal comes into view. x2
The orc is no longer paralysed.
Casting: Necrotise (safe; 1% risk of failure)
Confirm with . or Enter, or press ? or * to list all spells.
Aiming: Necrotise (safe; 1% risk of failure)
Press: ? - help, Shift-Dir - straight line, f/p - orc
Aim: an orc, wielding a +0 mace (lightly wounded, chance to affect: 91%)
The orc writhes in agony.
Malevolent energies surge around you.
The orc priest shouts!
The jackal barks! x2
The orc priest calls down the wrath of Beogh upon you.
Pain shoots through your body! The orc attacks as it pursues you!
The orc misses you.
The orc priest invokes the aid of Beogh against you.
Beogh smites you! The orc attacks as it pursues you! The orc barely misses you.
The orc priest calls down the wrath of Beogh upon you.
Beogh smites you!
* * * LOW HITPOINT WARNING * * *
A demonic guardian appears!
The jackal attacks as it pursues you!
The jackal bites you but does no damage.
The orc attacks as it pursues you! The orc hits you with a +0 mace.
* * * LOW HITPOINT WARNING * * *
The jackal attacks as it pursues you! The jackal bites you.
* * * LOW HITPOINT WARNING * * *
Your iron imp barely misses the orc.
The orc priest begins to cast a cantrip, but forgets the words!
The jackal bites your iron imp but does no damage.
The jackal attacks as it pursues you! The jackal bites you.
* * * LOW HITPOINT WARNING * * *
The orc priest invokes the aid of Beogh against you.
Beogh smites you!
You die...

..................#..###..###...
..........##....####......# #...
...........#....####.......##...
......#.#........##...## #......
.......#.##...#.........# #....#
#........##....##..###..####.....
#.........)....#...# ##..#.......
#............##....#.###...###...
...............h@...# #.### ##..
#.............h....# #.# #.#
#.............o....####.# ##.#
#.......##..5.......##..# ##.##
.#..#...###.h............## #..#
........###...........##..###.###
.........#..##.........##..#.....
.........o...###........##...###'
h...)....................#####...


You could see an orc priest, an orc (ally target), 3 jackals and a friendly iron
imp (summoned).

Vanquished Creatures
  2 hounds (D:4)
  4 adders
  A gnoll (D:1)
  3 dart slugs
  13 orcs
  5 ball pythons
  3 bats
  5 endoplasms
  5 giant cockroaches
  11 goblins
  5 hobgoblins
  3 jackals (D:1)
  4 quokkas
  3 frilled lizards
  6 kobolds
  6 rats
79 creatures vanquished.

Vanquished Creatures (collateral kills)
  A bat (D:1)
  A jackal (D:1)
  A kobold (D:3)
3 creatures vanquished.

Grand Total: 82 creatures vanquished

Notes
Turn   | Place    | Note
-------+----------+-------------------------------------------
     0 | D:1      | PaiMei the Demonspawn Necromancer began the quest for the
                  | Orb.
     0 | D:1      | Reached XP level 1. HP: 13/13 MP: 3/3
    94 | D:1      | Found a faded altar of an unknown god.
   276 | D:1      | Gained mutation: A weak demonic guardian rushes to your
                  | aid. [demonic ancestry]
   276 | D:1      | Reached XP level 2. HP: 19/19 MP: 1/5
   598 | D:1      | Reached XP level 3. HP: 21/24 MP: 0/6
   602 | D:1      | Learned a level 3 spell: Vampiric Draining
  1665 | D:2      | Found a runed translucent door.
  1666 | D:2      | Noticed Crazy Yiuf
  1969 | D:2      | Gained mutation: Spells you cast may paralyse adjacent
                  | enemies. [demonic ancestry]
  1969 | D:2      | Reached XP level 4. HP: 30/30 MP: 4/7
  2590 | D:3      | Reached skill level 5 in Necromancy
  2595 | D:3      | Learned a level 4 spell: Animate Dead
  3539 | D:3      | Reached XP level 5. HP: 36/36 MP: 5/9
  4191 | D:4      | Reached skill level 1 in Fighting
  4285 | D:4      | Found an opulent altar of Gozag.
  4286 | D:4      | Found a hide-covered altar of Uskayaw.
  4480 | D:4      | Killed from afar by an orc priest

Illustrated notes

Levels and vault maps discovered:
D:1:      saegor_arrival_simple_b, layout_basic,
          shapermc_ecumenical_altar_notcrosses, hangedman_decor_growths
D:2:      layout_basic, minmay_misc_feat_four_crosses, uniq_crazy_yiuf_cottage
D:3:      layout_basic
D:4:      layout_layer_cave, gammafunk_temple_overflow_pools,
          wad_rectangle_vault

Skill      XL: |  1  2  3  4  5 |
---------------+----------------+-----
Stealth        | 2 |  2.6
Dodging        | 2 3 |  3.0
Necromancy     | 5 |  5.4
Spellcasting   | 3 |  3.2
Fighting       | 1 |  1.4

Action                     |  1- 3 |  4- 6 || total
---------------------------+-------+-------++-------
  Melee: Dagger            |    22 |    11 ||    33
         Flail             |       |     4 ||     4
   Cast: Necrotise         |    66 |    76 ||   142
         Vampiric Draining |       |     1 ||     1
   Stab: Paralysed         |       |     6 ||     6
 Armour: Robe              |    15 |    19 ||    34
  Dodge: Dodged            |    31 |    26 ||    57
